 Dungeon Crawl Stone Soup version 0.28.0 (webtiles) character file.

Game seed: 3364716457689477053

373 lonewolfV2 the Skirmisher (level 6, -5/49 HPs)
             Began as a Demonspawn Fighter on Feb 10, 2022.
             Was an Initiate of Yredelemnul.
             Slain by a gnoll shaman (6 damage)
             ... on level 6 of the Dungeon.
             The game lasted 00:07:29 (4301 turns).

lonewolfV2 the Skirmisher (Demonspawn Fighter)      Turns: 4301, Time: 00:07:30

Health: -5/49      AC:  6    Str: 19    XL:     6   Next: 43%
Magic:  6/6        EV:  9    Int: 11    God:    Yredelemnul [......]
Gold:   248        SH:  0    Dex: 12    Spells: 5/5 levels left

rFire   . . .      SeeInvis .   o - +1 flail (drain)
rCold   . . .      Faith    .   c - +0 buckler
rNeg    + . .      Spirit   .   b - +0 scale mail
rPois   .          Reflect  .   (no helmet)
rElec   .          Harm     .   (no cloak)
rCorr   .          Rampage  .   (no gloves)
Will    .....                   (no boots)
Stlth   ..........              (no amulet)
HPRegen 0.16/turn               f - ring of positive energy
MPRegen 0.10/turn               (no ring)

@: confused, mighty, lit by a corona, ambrosia-drunk, glowing
A: powered by death 1, big brain 1, demonic touch 1
a: Renounce Religion, Recall Undead Harvest


You were on level 6 of the Dungeon.
You worshipped Yredelemnul.
Yredelemnul was noncommittal.
You visited 2 branches of the dungeon, and saw 7 of its levels.

You collected 248 gold pieces.

Inventory:

Hand Weapons
 a - a +1 war axe
 o - a +1 flail of draining (weapon)
Missiles
 e - 2 throwing nets (quivered)
Armour
 b - a +0 scale mail (worn)
 c - a +0 buckler (worn)
Jewellery
 f - a ring of positive energy (left hand)
Wands
 k - a wand of acid (12)
Scrolls
 h - a scroll of vulnerability
 i - 2 scrolls of identify
 j - 3 scrolls of magic mapping {unknown}
Potions
 g - 2 potions of lignification
 n - a potion of brilliance {unknown}


   Skills:
 + Level 4.5 Fighting
 + Level 4.3 Axes
 + Level 3.6 Armour
 + Level 1.0 Dodging
 + Level 0.4 Stealth
 + Level 3.0 Shields


You had 5 spell levels left.
You didn't know any spells.
Your spell library contained the following spells:

 Spells                   Type           Power      Damage    Failure   Level
 Summon Small Mammal      Summ           0%         N/A       80%         1
 Call Canine Familiar     Summ           0%         N/A       99%         3
 Summon Guardian Golem    Hex/Summ       0%         N/A       99%         3


Dungeon Overview and Level Annotations

Branches:
Dungeon (6/15)             Temple (1/1) D:4

Altars:
Ashenzari
Cheibriados
Dithmenos
Elyvilon
Fedhas
Gozag
Hepliaklqana
Makhleb
Okawaru
Qazlal
Ru
Sif Muna
Uskayaw
Vehumet
Xom
Yredelemnul
Zin


Innate Abilities, Weirdness & Mutations

You regenerate a little health from kills.
You have an unusually large brain. (Int +2)
Your touch may inflict minor irresistible damage on your foes.


Message History

The gnoll hits you from afar with a +0 spear.
You block the gnoll's attack.
You closely miss the gnoll shaman.
The gnoll hits you but does no damage. x2
The gnoll hits you with a +0 club.
The gnoll shaman hits you with a +0 club!
The gnoll hits you from afar with a +0 halberd!
You can't go up here!
You are no longer glowing.
The gnoll shouts!
You block the gnoll's attack. x2
The gnoll shaman hits you with a +0 club.
The gnoll hits you from afar with a +0 halberd!
* * * LOW HITPOINT WARNING * * *
You climb downwards.
Found a scale mail.
There is a stone staircase leading up here.
You feel much better. The gnoll hits you with a +0 club.
The gnoll shaman calls down the wrath of its god upon you.
You are outlined in light.
The wyvern skeleton bites you!
You are confused.
You feel invigorated. The wyvern skeleton bites you!
* * * LOW HITPOINT WARNING * * *
The gnoll hits you with a +0 club.
* * * LOW HITPOINT WARNING * * *
The gnoll shaman hits you with a +0 club.
* * * LOW HITPOINT WARNING * * *
You feel very mighty all of a sudden. The wyvern skeleton barely misses you.
The gnoll hits you with a +0 club.
* * * LOW HITPOINT WARNING * * *
The gnoll shaman closely misses you.
You thump the gnoll!
You kill the gnoll!
The wyvern skeleton bites you!
* * * LOW HITPOINT WARNING * * *
The gnoll shaman closely misses you. The wyvern skeleton barely misses you.
You closely miss the wyvern skeleton. The wyvern skeleton bites you!
* * * LOW HITPOINT WARNING * * *
The gnoll shaman hits you with a +0 club.
You die...
Your body rises from the dead as a mindless zombie.

.. .# ..
.# .#
##.# #.)#
#@#
#Zg..[...
#########


You could see a gnoll shaman and a wyvern skeleton.

Vanquished Creatures
  2 orc wizards
  2 hound skeletons
  Robin (D:3)
  4 gnolls
  5 adders
  2 ufetubi (D:5)
  An adder skeleton (D:4)
  2 worms (D:3)
  2 dart slugs
  5 orcs
  6 bats
  7 endoplasms
  3 giant cockroaches
  10 hobgoblins
  4 quokkas
  6 ball pythons
  5 frilled lizards
  14 goblins
  6 kobolds
  A quokka skeleton (D:4)
  3 rats
91 creatures vanquished.

Vanquished Creatures (collateral kills)
  A water moccasin skeleton (D:4)
  An orc priest (D:4)
  A gnoll (D:3)
  2 orcs
  A goblin (D:3)
  A quokka (D:5)
  2 ball pythons (D:4)
9 creatures vanquished.

Vanquished Creatures (others)
  An orc zombie (D:5)
  A spectral ufetubus (D:5)
2 creatures vanquished.

Grand Total: 102 creatures vanquished

Notes
Turn   | Place    | Note
-------+----------+-------------------------------------------
     0 | D:1      | lonewolfV2 the Demonspawn Fighter began the quest for the
                  | Orb.
     0 | D:1      | Reached XP level 1. HP: 18/18 MP: 1/1
   306 | D:1      | Gained mutation: Your touch may inflict minor irresistible
                  | damage on your foes. [demonic ancestry]
   306 | D:1      | Reached XP level 2. HP: 19/24 MP: 2/2
   437 | D:1      | Found a faded altar of an unknown god.
   827 | D:2      | Reached XP level 3. HP: 10/29 MP: 3/3
  1647 | D:3      | Reached XP level 4. HP: 16/35 MP: 4/4
  2119 | D:3      | Noticed Robin
  2128 | D:3      | Killed Robin
  2129 | D:3      | Gained mutation: You have an unusually large brain. (Int
                  | +2) [demonic ancestry]
  2129 | D:3      | Reached XP level 5. HP: 35/42 MP: 5/5
  2694 | D:4      | Found a staircase to the Ecumenical Temple.
  2712 | Temple   | Entered the Ecumenical Temple
  3041 | Temple   | Became a worshipper of Yredelemnul the Dark
  3595 | D:4      | Reached * piety under Yredelemnul
  3694 | D:4      | Gained mutation: You regenerate a little health from kills.
                  | [demonic ancestry]
  3694 | D:4      | Reached XP level 6. HP: 42/48 MP: 3/6
  3861 | D:5      | Entered Level 5 of the Dungeon
  3945 | D:5      | Reached skill level 1 in Dodging
  4300 | D:6      | HP: 2/49 [wyvern skeleton (8)]
  4301 | D:6      | Slain by a gnoll shaman

Illustrated notes

Levels and vault maps discovered:
D:1:      amcnicky_arrival_abandoned_market, layout_rooms,
          ebering_ecumenical_altar_hall
D:2:      layout_rooms, minivault_19
D:3:      layout_loops_ring, minmay_statues_item, kennysheep_generic_room_14,
          uniq_robin
D:4:      layout_rooms, minmay_temple_entry_glassed_door, kennysheep_donut
D:5:      layout_layer_cave, kennysheep_little_box
D:6:      layout_rooms, uniq_sigmund
Temple:   mainiacjoe_temple_big_plus

Skill      XL: |  1  2  3  4  5  6 |
---------------+-------------------+-----
Axes           | 2 3 4 |  4.3
Armour         | 3 |  3.6
Fighting       | 4 |  4.5
Shields        | 3 |  3.0
Dodging        | 1 |  1.0
Stealth        | |  0.4

Action                   |  1- 3 |  4- 6 || total
-------------------------+-------+-------++-------
Melee: War axe           |    88 |   143 ||   231
       Flail             |       |     4 ||     4
Invok: Recall Undead Har |       |     5 ||     5
  Use: Scroll            |     4 |     1 ||     5
       Potion            |       |     7 ||     7
Armor: Scale mail        |    48 |   102 ||   150
Dodge: Dodged            |    53 |    96 ||   149
Block: Buckler           |    16 |    43 ||    59
